 Dungeon Crawl Stone Soup version 0.30.1-11-g7821555f0a (webtiles) character file.

Game seed: 5893487637529434735

161126 BiteMe the Devastator (level 17, -12/101 (111) HPs)
             Began as a Demonspawn Fire Elementalist on Dec 30, 2023.
             Was a High Priest of Vehumet.
             Killed from afar by a deep elf knight (31 damage)
             ... with a shard of ice
             ... on level 2 of the Elven Halls on Jan 1, 2024.
             The game lasted 08:25:27 (59862 turns).

BiteMe the Devastator (DsFE)                       Turns: 59862, Time: 08:25:32

HP:   -12/101 (111) AC: 34    Str: 15    XL:     17   Next: 19%
MP:   1/29          EV: 11    Int: 27    God:    Vehumet [*****.]
Gold: 359           SH: 15    Dex: 15    Spells: 2/33 levels left

rFire   . . .        W - +9 flail of BiteMe's Sudden Death {speed, +Blink rN+ SInv}
rCold   . . .        Z - +3 buckler
rNeg    + . .        A - +8 chain mail of Tar Leash {Str+4}
rPois   .            S - +2 hat
rElec   +            (cloak unavailable)
rCorr   .            U - +2 pair of gloves {hurl}
SInv    +            X - +2 pair of boots
Will    +....        H - amulet of reflection Stlth
                     E - +6 ring of intelligence
HPRegen 0.36/turn    v - ring of wizardry
MPRegen 0.21/turn

%: reflection, wizardry (x1)
@: studying Conjurations, drained
A: thin metallic scales 3, demonic guardian 2, spiny 2, weakness stinger 3,
screaming 1
a: Renounce Religion, Evoke Blink


You were on level 2 of the Elven Halls.
You worshipped Vehumet.
Vehumet was extremely pleased with you.
You visited 8 branches of the dungeon, and saw 27 of its levels.
You also visited: Sewer and Bailey.

You collected 2444 gold pieces.
You spent 2085 gold pieces at shops.

Inventory:

Hand Weapons
 q - the +6 bardiche of Vanity {drain, *Corrode Drain rPois SInv}
   (You took it off an orc warrior in a bailey)

   rPois:     It protects you from poison.
   SInv:      It lets you see invisible.
   *Corrode:  It may corrode you when you take damage.
   Drain:     It drains your maximum health when unequipped.
 P - the +8 flail "Geptibeam" {freeze, rElec Stlth+}
   (You found it on level 5 of the Lair of Beasts)

   rElec:     It insulates you from electricity.
   Stlth:     It makes you more stealthy.
 R - the +8 trident of the Octopus King {venom, rElec rPois}
   (You found it on level 5 of the Lair of Beasts)

   rElec:     It insulates you from electricity.
   rPois:     It protects you from poison.
 T - a +4 trident
 W - the +9 flail of BiteMe's Sudden Death (weapon) {speed, +Blink rN+ SInv}
   (You took it off a deep elf pyromancer on level 1 of the Elven Halls)

   rN:        It protects you from negative energy.
   SInv:      It lets you see invisible.
   +Blink:    It lets you blink.
Armour
 h - a +0 tower shield
 A - the +8 chain mail of Tar Leash (worn) {Str+4}
   (You took it off an orc warrior on level 9 of the Dungeon)

   Str:       It affects your strength (+4).
 S - a +2 hat (worn)
 U - a +2 pair of gloves of hurling (worn)
 X - a +2 pair of boots (worn)
 Z - a +3 buckler (worn)
Magical Staves
 c - the staff of conjuration "Pergholu" {Drain rPois rCorr}
   (You found it on level 1 of the Snake Pit)

   [staff of conjuration]

   Base accuracy: +5 Base damage: 5 Base attack delay: 1.2 This weapon's minimum
   attack delay (0.6) is reached at skill level 12.
   rPois:     It protects you from poison.
   rCorr:     It protects you from acid and corrosion.
   Drain:     It drains your maximum health when unequipped.
   It falls into the 'Staves' category.
   It is a one-handed weapon.
 e - the staff of cold "Eleboym" {rC+ Dex+3}
   (You took it off a centaur warrior on level 9 of the Dungeon)

   [staff of cold]

   Base accuracy: +5 Base damage: 5 Base attack delay: 1.2 This weapon's minimum
   attack delay (0.6) is reached at skill level 12.
   Dex:       It affects your dexterity (+3).
   rC:        It protects you from cold.
   It falls into the 'Staves' category.
   It is a one-handed weapon.
 y - the staff of earth "Oceisaff" {Str+5 Int-4}
   (You found it on level 1 of the Lair of Beasts)

   [staff of earth]

   Base accuracy: +5 Base damage: 5 Base attack delay: 1.2 This weapon's minimum
   attack delay (0.6) is reached at skill level 12.
   Str:       It affects your strength (+5).
   Int:       It affects your intelligence (-4).
   It falls into the 'Staves' category.
   It is a one-handed weapon.
Jewellery
 a - the ring "Paeh" {rF- rC+++ Will+ MP+9}
   (You took it off a tengu warrior on level 9 of the Dungeon)

   [ring of magical power]

   rF:        It makes you vulnerable to fire.
   rC:        It renders you almost immune to cold.
   MP:        It affects your magic capacity (+9).
   Will:      It increases your willpower.
 d - a +6 ring of strength
 i - a +5 ring of evasion
 j - an amulet of guardian spirit
 v - a ring of wizardry (right hand)
 B - a +6 ring of intelligence
 E - a +6 ring of intelligence (left hand)
 G - a ring of protection from cold
 H - an amulet of reflection (around neck)
Wands
 l - a wand of iceblast (6)
 u - a wand of paralysis (13)
 C - a wand of digging (12)
 Q - a wand of polymorph (4)
Scrolls
 b - a scroll of fear
 k - a scroll of fog
 m - 7 scrolls of teleportation
 n - 3 scrolls of magic mapping
 r - a scroll of silence
 z - 2 scrolls of identify
 L - 6 scrolls of enchant weapon
 V - a scroll of amnesia
Potions
 o - 11 potions of flight
 p - 3 potions of brilliance
 t - a potion of invisibility
 w - 4 potions of lignification
 D - a potion of ambrosia
 F - a potion of cancellation
 I - a potion of berserk rage
 J - a potion of magic
 M - a potion of heal wounds
 O - a potion of might
Miscellaneous
 g - a phantom mirror
 s - a box of beasts
 Y - a piece from Xom's chessboard (15/15)


   Skills:
 - Level 3.6 Fighting
 - Level 0.2(0.3) Short Blades
 - Level 0.2(0.3) Long Blades
 - Level 0.2(2.9) Axes
 - Level 1.1(1.2) Maces & Flails
 - Level 4.5(4.6) Polearms
 - Level 0.4(3.0) Staves
 - Level 0.6 Ranged Weapons
 - Level 0.5 Throwing
 - Level 13.5 Armour
 - Level 10.7 Dodging
 - Level 1.7 Stealth
 - Level 10.4 Shields
 - Level 8.5 Spellcasting
 - Level 15.0 Conjurations
 - Level 6.0 Hexes
 - Level 4.1 Summonings
 - Level 0.3 Necromancy
 - Level 6.4 Translocations
 - Level 0.4 Transmutations
 - Level 13.0 Fire Magic
 - Level 1.1 Ice Magic
 - Level 0.2 Air Magic
 - Level 0.2 Earth Magic
 - Level 0.3 Poison Magic
 + Level 6.0 Invocations
 - Level 4.1 Evocations


You had 2 spell levels left.
You knew the following spells:

 Your Spells              Type           Power      Damage    Failure   Level
a - Foxfire               Conj/Fire      100%       2x1d9     1%          1
b - Scorch                Fire           100%       2d9       1%          2
c - Inner Flame           Hex/Fire       58%        N/A       1%          3
d - Volatile Blastmotes   Fire/Tloc      100%       2d18      1%          3
e - Flame Wave            Conj/Fire      72%        2d16      1%          4
f - Blink                 Tloc           92%        N/A       1%          2
g - Dazzling Flash        Conj/Hex       100%       N/A       1%          3
h - Gell's Gravitas       Tloc           46%        N/A       4%          3
i - Starburst             Conj/Fire      36%        6d11      2%          6
j - Iskenderun's Mystic   Conj/Tloc      62%        2d13      1%          4

Your spell library contained the following spells:

 Spells                   Type           Power      Damage    Failure   Level
 Plasma Beam              Fire/Air       23%        2x1d39    38%         6
 Kiss of Death            Conj/Necr      100%       2d13      1%          1
 Lesser Beckoning         Tloc           92%        N/A       1%          2
 Momentum Strike          Conj/Tloc      100%       3d10      1%          2
 Ensorcelled Hibernation  Hex/Ice        60%        N/A       6%          2
 Beastly Appendage        Tmut           26%        N/A       16%         1
 Cigotuvi's Dreadful Rot  Necr/Pois/Air  26%        N/A       22%         2
 Passwall                 Tmut/Erth      10%        N/A       22%         2
 Wereblood                Tmut           13%        N/A       22%         2
 Sticky Flame             Conj/Fire      72%        2d9       1%          4
 Confusing Touch          Hex            44%        N/A       4%          3
 Portal Projectile        Hex/Tloc       90%        N/A       4%          3
 Teleport Other           Tloc           46%        N/A       4%          3
 Tukima's Dance           Hex            44%        N/A       4%          3
 Arcjolt                  Conj/Air       26%        1d36      6%          5
 Manifold Assault         Tloc           46%        N/A       12%         4
 Passage of Golubria      Tloc           46%        N/A       12%         4
 Vhi's Electric Charge    Tloc/Air       58%        N/A       13%         3
 Yara's Violent Unravell  Hex/Tmut       14%        3d7       30%         5
 Spider Form              Tmut/Pois      13%        N/A       38%         3
 Swiftness                Air            12%        N/A       41%         3
 Dispel Undead            Necr           13%        3d9       78%         4
 Dispersal                Tloc           23%        N/A       86%         6
 Blade Hands              Tmut           6%         N/A       98%         5
 Death Channel            Necr           6%         N/A       100%        6
 Dragon Form              Tmut           6%         N/A       100%        7
 Disjunction              Tloc           23%        N/A       100%        8
 Maxwell's Capacitive Co  Air            6%         ∞         100%        8
 Necromutation            Tmut/Necr      6%         N/A       100%        8


Dungeon Overview and Level Annotations

Branches:
Dungeon (13/15)            Temple (1/1) D:7            Lair (5/5) D:9
 Shoals (1/4) Lair:2        Snake (1/4) Lair:2 Zot: 912   Slime (2/5) Lair:5
    Orc (2/2) D:12            Elf (2/3) Orc:2         Sewer (visited)
 Bailey (visited)
 Vaults: D:13-14

Altars:
Ashenzari
Cheibriados
Dithmenos
Fedhas
Gozag
Hepliaklqana
Kikubaaqudgha
Makhleb
Nemelex Xobeh
Okawaru
Qazlal
Ru
Sif Muna
Trog
Uskayaw
Vehumet
Wu Jian
Xom
Yredelemnul
Jiyva

Shops:
D:3 ?:*[   D:9 *   Orc:2 ?*[:!

Annotations:
D:3 Robin


Innate Abilities, Weirdness & Mutations

You are completely covered in thin metallic scales. (AC +4, rElec)
A demonic guardian rushes to your aid.
You are mostly covered in sharp spines.
You have a sharp stinger which inflicts weakening toxins.
You occasionally shout uncontrollably at your foes.


Message History

Something hits your hellwing!!
Your hellwing dies!
Your hellwing disappears in a puff of smoke!
The +2 lajatang of draining hits you.
* * * LOW HITPOINT WARNING * * *
A demonic guardian appears!
You partially resist.
You feel drained.
Casting: Iskenderun's Mystic Blast (mildly dangerous; 1% risk of failure)
Confirm with . or Enter, or press ? or * to list all spells.
Flames lash the +3 war axe of freezing.
The +3 war axe of freezing completely resists.
The +2 lajatang of draining barely misses you.
Your sun demon hits the +2 lajatang of draining!!
The +2 lajatang of draining falls from the air.
Vehumet accepts your kill.
You swap places.
The +3 war axe of freezing closely misses your sun demon.
Your sun demon hits the +3 war axe of freezing!
The +3 war axe of freezing falls from the air.
Vehumet accepts your kill.
Your Invocations skill increases to level 6!
Casting: Scorch (safe; 1% risk of failure)
Confirm with . or Enter, or press ? or * to list all spells.
Flames lash the deep elf knight.
The deep elf knight is almost dead.
The deep elf knight's fire resistance burns away.
The deep elf knight misses your sun demon.
The deep elf knight gestures at you while chanting.
The lance of force hits your sun demon!
Your sun demon is knocked back by the lance of force.
Your sun demon slams into the stone wall!
Your sun demon is moderately wounded.
The deep elf knight hits your sun demon with a +0 scimitar!!
The deep elf knight points at you and mumbles some strange words.
The shard of ice hits your sun demon!!
Your sun demon is frozen!
Your sun demon dies!
Your sun demon disappears in a puff of smoke!
The deep elf knight gestures at you while chanting.
The shard of ice hits you!!
You die...

e.#....(......#.###############.
....#.........#..# ##.......###[
.....#.......#...#
##..)......##.
.....#.....#....###...........#)
......
#...#....)##..)..###....#.
#.....)[[...### ###....
#.......##### ####.
.###.......'...### ###....
.#...#...)@##.....###....#.
...#.....#...§###...........#.
...#.......#...# ##.........##.
...#.........#e.# ##.......###.
..#...........#)###############.
#...........).###..............
#.............###..............
#...........#.##..............
#.........#..################


You could see a deep elf knight (fast, invisible, combustible).

Vanquished Creatures
  A nagaraja (Snake:1)
  An azure jelly (Slime:1)
  A deep elf sorcerer (Elf:1)
  The ghost of TheBioAlchemist the Warrior, a journeyman DjSu of Hepliaklqana (Snake:1)
  A quicksilver ooze (Slime:1)
  A deep elf demonologist (Elf:1)
  An ettin (Orc:1)
  A great orb of eyes (Slime:1)
  3 hydras
  An ogre mage (D:13)
  A merfolk avatar (Lair:5)
  A peacekeeper (Elf:1)
  9 two-headed ogres
  3 centaur warriors (D:9)
  3 anacondas (Snake:1)
  A boulder beetle (D:12)
  A tengu warrior (D:9)
  8 death yaks
  3 naga warriors (Snake:1)
  Urug (Orc:1)
  22 dancing weapons
  4 orc high priests (Orc:2)
  2 shock serpents (Snake:1)
  Sonja (Orc:1)
  4 deep elf knights (Elf:2)
  3 naga sharpshooters (Snake:1)
  A salamander mystic (Snake:1)
  4 skysharks
  2 naga ritualists (Snake:1)
  A wizard (D:9)
  5 deep elf archers (Elf:1)
  3 orc knights
  15 deep elf pyromancers
  20 deep elf zephyrmancers
  2 ugly things (D:9)
  6 mana vipers (Snake:1)
  3 manticores
  A harpy (Lair:5)
  An orc sorcerer (Orc:1)
  2 cyclopes
  13 elephants
  20 black mambas
  2 guardian serpents (Snake:1)
  2 merfolk sirens (Lair:2)
  A water nymph (Shoals:1)
  A torpor snail (Lair:5)
  5 naga magi (Snake:1)
  17 cane toads
  2 unseen horrors
  2 komodo dragons (shapeshifter)
  3 rime drakes (Lair:5)
  10 komodo dragons
  5 polar bears
  4 trolls
  2 merfolk (Lair:2)
  A tarantella (shapeshifter) (Elf:2)
  4 wind drakes
  3 hornets
  2 snapping turtles (Lair:5)
  3 saltlings (Elf:1)
  17 blink frogs
  4 dream sheep (Lair:2)
  2 air elementals (Elf:2)
  7 slime creatures
  A shadow (D:12)
  3 water elementals (Elf:1)
  37 yaks
  Sigmund (D:3)
  6 wyverns
  2 wraiths (D:9)
  A fire elemental (Elf:2)
  4 steam dragons
  8 basilisks
  9 vampire mosquitoes
  3 wargs
  13 nagas
  9 water moccasins
  30 orc warriors
  4 black bears
  2 sky beasts
  An ice beast (D:6)
  7 ogres
  3 centaurs
  4 kobold brigands
  3 phantoms
  8 bullfrogs
  A scorpion (D:6)
  A gnoll sergeant (D:9)
  8 wights
  14 killer bees (D:8)
  3 howler monkeys
  A jelly (D:5)
  3 electric eels
  4 hounds
  2 gnoll boudas
  27 orc priests
  4 iguanas
  A sleepcap (D:6)
  Terence (D:2)
  34 orc wizards
  11 adders
  11 gnolls
  4 river rats (Sewer)
  2 shadow imps (D:7)
  2 white imps
  An ufetubus (D:6)
  2 worms
  A dart slug (D:4)
  62 orcs
  9 bats
  6 endoplasms
  9 giant cockroaches
  17 goblins
  9 hobgoblins
  10 jackals
  7 quokkas
  24 ball pythons
  7 frilled lizards
  25 kobolds
  3 rats
762 creatures vanquished.

Vanquished Creatures (collateral kills)
  An acid blob (Slime:1)
  A rockslime (Lair:5)
  A quicksilver ooze (Slime:1)
  The ghost of Toless the Severer, a journeyman MiBe of Trog (Orc:1)
  A fire dragon (D:9)
  A hydra (Lair:5)
  5 dancing weapons
  3 death yaks
  A naga sharpshooter (Snake:1)
  A deep elf knight (Elf:2)
  3 deep elf archers
  3 deep elf zephyrmancers
  An ugly thing (D:9)
  3 deep elf pyromancers
  2 mana vipers (Snake:1)
  A manticore (D:9)
  2 elephants (Lair:1)
  A komodo dragon (Lair:1)
  4 slime creatures
  2 yaks
  A fire elemental (Elf:1)
  A steam dragon (Lair:3)
  An ice beast (D:7)
  2 orc warriors
  An ogre (D:4)
  A howler monkey (D:7)
  A river rat (Sewer)
  A shadow imp (D:7)
  An orc (D:8)
  An endoplasm (D:2)
  A goblin (D:2)
  3 hobgoblins (D:2)
  20 foxfires
73 creatures vanquished.

Vanquished Creatures (others)
  3 deep elf knights
  A deep elf pyromancer (Elf:1)
  A naga (Snake:1)
  1556 foxfires
1561 creatures vanquished.

Grand Total: 2396 creatures vanquished

Notes
Turn   | Place    | Note
-------+----------+-------------------------------------------
     0 | D:1      | BiteMe the Demonspawn Fire Elementalist began the quest for
                  | the Orb.
     0 | D:1      | Reached XP level 1. HP: 13/13 MP: 3/3
   394 | D:1      | Gained mutation: You are partially covered in sharp spines.
                  | [demonic ancestry]
   394 | D:1      | Reached XP level 2. HP: 19/19 MP: 3/5
  1221 | D:2      | Gained mutation: A weak demonic guardian rushes to your
                  | aid. [demonic ancestry]
  1221 | D:2      | Reached XP level 3. HP: 24/24 MP: 4/6
  1302 | D:3      | Found Osich's General Store.
  1302 | D:3      | Found Xoythicham's Book Shop.
  1344 | D:3      | Identified the +10 short sword of Inference {antimagic,
                  | Will+ rCorr Dex+4 Stlth+}
  1403 | D:3      | Found Ynarphag's Armour Emporium.
  1455 | D:3      | Found a faded altar of an unknown god.
  1500 | D:3      | Noticed Sigmund
  1615 | D:3      | Noticed Robin
  1646 | D:3      | Found a glowing drain.
  1652 | D:3      | Reached skill level 2 in Conjurations
  1655 | Sewer    | Entered a sewer
  1698 | Sewer    | Learned a level 2 spell: Scorch
  2869 | Sewer    | Gained mutation: You have a small tail. [demonic ancestry]
  2869 | Sewer    | Reached XP level 4. HP: 30/30 MP: 6/8
  4053 | Sewer    | Gained mutation: A demonic guardian rushes to your aid.
                  | [demonic ancestry]
  4053 | Sewer    | Reached XP level 5. HP: 18/35 MP: 1/9
  4776 | D:3      | Killed Sigmund
  4777 | D:3      | Reached skill level 1 in Polearms
  4777 | D:3      | Reached skill level 3 in Conjurations
  4777 | D:3      | Gained mutation: You are partially covered in thin metallic
                  | scales. (AC +2) [demonic ancestry]
  4777 | D:3      | Reached XP level 6. HP: 41/41 MP: 1/11
  5532 | D:2      | Noticed Terence
  5649 | D:2      | Killed Terence
  6864 | D:3      | Found Cutil's Magic Scroll Shoppe.
  6869 | D:3      | Bought a scroll of identify for 24 gold pieces
  6869 | D:3      | Bought a scroll of identify for 24 gold pieces
  6869 | D:3      | Bought a scroll of identify for 24 gold pieces
  6869 | D:3      | Bought a scroll of blinking for 90 gold pieces
  7537 | D:4      | Reached XP level 7. HP: 46/46 MP: 7/12
  8007 | D:4      | Reached skill level 5 in Fire Magic
  8346 | D:4      | Reached skill level 4 in Conjurations
  8567 | D:4      | Found an ancient bone altar of Kikubaaqudgha.
  8573 | D:4      | Found a broken altar of Ashenzari.
  8576 | D:4      | Found a sacrificial altar of Ru.
  8577 | D:4      | Found a hazy altar of Hepliaklqana.
  8833 | D:5      | Entered Level 5 of the Dungeon
  9668 | D:4      | Reached XP level 8. HP: 7/52 MP: 1/15
 10233 | D:5      | Reached skill level 5 in Spellcasting
 11259 | D:5      | Reached skill level 5 in Conjurations
 11549 | D:5      | Learned a level 3 spell: Inner Flame
 11553 | D:5      | Learned a level 3 spell: Volatile Blastmotes
 11558 | D:5      | Learned a level 4 spell: Flame Wave
 12897 | D:6      | Found a blossoming altar of Fedhas.
 12979 | D:6      | Reached XP level 9. HP: 46/56 MP: 12/17
 13183 | D:7      | Found a flagged portal.
 13200 | D:7      | Reached skill level 1 in Shields
 13338 | Bailey   | Entered a bailey
 14502 | Bailey   | Noticed an orc knight
 14516 | Bailey   | Killed an orc knight
 14517 | Bailey   | Reached skill level 6 in Conjurations
 14612 | Bailey   | Identified the +6 bardiche of Vanity {drain, *Corrode Drain
                  | rPois SInv}
 14927 | D:7      | Reached skill level 1 in Armour
 15094 | D:7      | Reached XP level 10. HP: 57/63 MP: 9/20
 15268 | D:7      | Found a snail-covered altar of Cheibriados.
 15418 | D:7      | Found a staircase to the Ecumenical Temple.
 15425 | Temple   | Entered the Ecumenical Temple
 16420 | D:8      | Found a shadowy altar of Dithmenos.
 17426 | D:9      | Found Opli's Demolitions Depot.
 18787 | D:9      | Found a shimmering altar of Xom.
 18935 | D:9      | Found a staircase to the Lair.
 19586 | D:9      | Reached skill level 10 in Fire Magic
 20563 | D:9      | Noticed a fire dragon
 20563 | D:9      | Noticed a deep elf pyromancer
 20567 | D:9      | Killed a deep elf pyromancer
 20568 | D:9      | Reached skill level 7 in Conjurations
 20569 | D:9      | Noticed a purple ugly thing
 20577 | D:9      | HP: 1/63 [fire dragon/blast of flame (21)]
 20579 | D:9      | Killed a fire dragon
 20580 | D:9      | Reached XP level 11. HP: 9/68 MP: 20/23
 20584 | D:9      | Killed a purple ugly thing
 21238 | D:9      | Identified the +8 chain mail of Tar Leash {Str+4}
 21247 | D:9      | Noticed a two-headed ogre
 21257 | D:9      | Killed a two-headed ogre
 21264 | D:9      | Reached skill level 5 in Armour
 21897 | D:9      | Noticed a centaur warrior
 21903 | D:9      | Killed a centaur warrior
 21903 | D:9      | Noticed a two-headed ogre
 21919 | D:9      | Killed a two-headed ogre
 22346 | D:9      | Identified the ring "Wumuh" {Fly rPois rC++ Will+}
 22346 | D:9      | Noticed a wizard
 22353 | D:9      | Killed a wizard
 22394 | D:9      | Noticed a deep elf pyromancer
 22397 | D:9      | Identified the staff of cold "Eleboym" {rC+ Dex+3}
 22397 | D:9      | Noticed a centaur warrior
 22756 | D:9      | Killed a deep elf pyromancer
 22757 | D:9      | Reached skill level 10 in Armour
 22828 | D:9      | Noticed a centaur warrior
 22831 | D:9      | Killed a centaur warrior
 22880 | D:9      | Identified the ring "Paeh" {rF- rC+++ Will+ MP+9}
 22880 | D:9      | Noticed a tengu warrior
 22886 | D:9      | Killed a tengu warrior
 22929 | D:9      | Noticed a deep elf pyromancer
 22934 | D:9      | Killed a deep elf pyromancer
 23217 | D:9      | Noticed a brown ugly thing
 23217 | D:9      | Noticed a red ugly thing
 23246 | D:9      | Killed a red ugly thing
 23252 | D:9      | Killed a brown ugly thing
 23531 | D:9      | Reached skill level 5 in Dodging
 23531 | D:9      | Gained mutation: You are mostly covered in sharp spines.
                  | [demonic ancestry]
 23531 | D:9      | Reached XP level 12. HP: 23/74 MP: 17/24
 23806 | D:9      | Killed a centaur warrior
 23807 | D:9      | Reached XP level 13. HP: 29/79 MP: 14/25
 24179 | D:10     | Entered Level 10 of the Dungeon
 25011 | D:10     | Found a radiant altar of Vehumet.
 25018 | D:10     | Became a worshipper of Vehumet
 25040 | D:10     | You fall into a shaft and drop 1 floor!
 26280 | D:10     | Found a basalt altar of Yredelemnul.
 27035 | D:13     | Reached skill level 5 in Shields
 27780 | D:12     | Found a staircase to the Orcish Mines.
 28681 | D:12     | Reached skill level 1 in Translocations
 28684 | D:12     | Reached * piety under Vehumet
 28684 | D:12     | Offered knowledge of Shock by Vehumet.
 30132 | Lair:1   | Entered Level 1 of the Lair of Beasts
 30689 | Lair:1   | Learned a level 2 spell: Blink
 31527 | Lair:1   | Identified the staff of earth "Oceisaff" {Str+5 Int-4}
 32224 | Lair:2   | Gained mutation: You are mostly covered in thin metallic
                  | scales. (AC +3) [demonic ancestry]
 32224 | Lair:2   | Reached XP level 14. HP: 85/85 MP: 24/26
 32653 | Lair:2   | Reached skill level 5 in Translocations
 32654 | Lair:2   | Offered knowledge of Magic Dart by Vehumet.
 32692 | Lair:2   | Found a staircase to the Shoals.
 32697 | Lair:2   | Reached ** piety under Vehumet
 32700 | Lair:2   | Reached skill level 10 in Shields
 33079 | Lair:2   | Found a staircase to the Snake Pit.
 37999 | Lair:4   | Identified the +1 rapier of Qead {drain, rPois Int+6}
 38109 | Lair:4   | Learned a level 3 spell: Dazzling Flash
 38138 | Lair:4   | Offered knowledge of Hailstorm by Vehumet.
 38139 | Lair:4   | Reached skill level 1 in Hexes
 38618 | Lair:5   | Entered Level 5 of the Lair of Beasts
 39778 | Lair:5   | Reached *** piety under Vehumet
 40371 | Lair:5   | Found the +8 trident of the Octopus King {venom, rElec
                  | rPois}
 40566 | Lair:5   | Identified the +0 chain mail of Ezotsi Ammof {+Inv}
 40568 | Lair:5   | Identified the +8 flail "Geptibeam" {freeze, rElec Stlth+}
 40754 | Lair:5   | Reached skill level 5 in Hexes
 41082 | Lair:5   | Gained mutation: You are completely covered in thin
                  | metallic scales. (AC +4, rElec) [demonic ancestry]
 41082 | Lair:5   | Reached XP level 15. HP: 90/90 MP: 21/27
 41520 | Lair:5   | Found a staircase to the Slime Pits.
 41520 | Lair:5   | Found a viscous altar of Jiyva.
 41620 | Lair:5   | Offered knowledge of Airstrike by Vehumet.
 42116 | Lair:5   | Reached skill level 1 in Fighting
 42301 | Slime:1  | Entered Level 1 of the Pits of Slime
 42309 | Slime:1  | Noticed a rockslime
 42643 | Lair:5   | Killed a rockslime
 42644 | Lair:5   | Reached skill level 10 in Dodging
 43069 | Slime:1  | Paralysed by a great orb of eyes for 2 turns
 43321 | Slime:1  | Noticed an acid blob
 43327 | Slime:1  | Killed an acid blob
 43327 | Slime:1  | Reached **** piety under Vehumet
 43623 | Slime:2  | Noticed an azure jelly
 43623 | Slime:2  | Noticed an acid blob
 43623 | Slime:2  | Noticed an acid blob
 43624 | Slime:2  | Noticed an azure jelly
 43625 | Slime:2  | Gained mutation: You occasionally shout uncontrollably at
                  | your foes. [a shining eye]
 43639 | Slime:1  | HP: 3/98 [azure jelly (27)]
 43645 | Slime:1  | Killed an azure jelly
 43964 | Snake:1  | Entered Level 1 of the Snake Pit
 44285 | Snake:1  | Identified the +5 chain mail "Vapsog" {Str+2}
 44662 | Snake:1  | Offered knowledge of Ignite Poison by Vehumet.
 44889 | Snake:1  | Reached skill level 8 in Conjurations
 45627 | Snake:1  | Found a runed translucent door.
 45630 | Snake:1  | Noticed TheBioAlchemist's ghost (journeyman DjSu)
 45988 | Snake:1  | Reached skill level 9 in Conjurations
 47028 | Snake:1  | Reached skill level 10 in Conjurations
 47028 | Snake:1  | Reached skill level 1 in Ice Magic
 47322 | Snake:1  | Learned a level 3 spell: Gell's Gravitas
 47329 | Snake:1  | Learned a level 6 spell: Starburst
 47346 | Snake:1  | Reached ***** piety under Vehumet
 47348 | Snake:1  | Offered knowledge of Fulminant Prism by Vehumet.
 47426 | Snake:1  | Noticed a nagaraja
 47452 | Snake:1  | Killed a nagaraja
 48432 | Snake:1  | Got the Elucidation of Metamorphosis
 48913 | Snake:1  | Killed TheBioAlchemist's ghost
 49125 | Snake:1  | Glimpsed the power of Zot.
 49129 | Snake:1  | Identified the staff of conjuration "Pergholu" {Drain rPois
                  | rCorr}
 49240 | Shoals:1 | Entered Level 1 of the Shoals
 50308 | Orc:1    | Entered Level 1 of the Orcish Mines
 50589 | D:9      | Bought a manual of Conjurations for 1280 gold pieces
 50844 | Orc:1    | Noticed Sonja
 50851 | Orc:1    | Killed Sonja
 50852 | Orc:1    | Gained mutation: You have a tail ending in a sharp stinger.
                  | [demonic ancestry]
 50852 | Orc:1    | Reached XP level 16. HP: 68/106 MP: 21/28
 51160 | Orc:1    | Noticed Urug
 51175 | Orc:1    | Killed Urug
 51176 | Orc:1    | Reached skill level 11 in Conjurations
 51490 | Orc:1    | Identified the +6 giant spiked club of Strategic
                  | Superiority {elec, SInv}
 51492 | Orc:1    | Found a transporter.
 51492 | Orc:1    | Noticed Toless's ghost (journeyman MiBe)
 51895 | Orc:1    | Found a transporter.
 51941 | Orc:1    | Killed Toless's ghost
 51942 | Orc:1    | Reached skill level 12 in Conjurations
 52054 | Orc:2    | Entered Level 2 of the Orcish Mines
 53105 | Orc:2    | Found a staircase to the Elven Halls.
 53584 | Orc:2    | Reached skill level 13 in Conjurations
 53661 | Orc:2    | Found Ithrooneu's Distillery.
 53770 | Orc:2    | Bought a potion of heal wounds for 60 gold pieces
 53770 | Orc:2    | Bought 2 potions of curing for 72 gold pieces
 53770 | Orc:2    | Bought a potion of curing for 36 gold pieces
 53770 | Orc:2    | Bought a potion of might for 48 gold pieces
 53860 | Orc:2    | Found Tupom's Magic Scroll Shop.
 53860 | Orc:2    | Found Yhoest's Antique Armour Boutique.
 53862 | Orc:2    | Found Ocigeot's Book Boutique.
 53867 | Orc:2    | Found Aciozeicw's Assorted Antiques.
 53904 | Orc:2    | Bought a pair of embroidered gloves for 300 gold pieces
 53912 | Orc:2    | Bought a scroll of enchant armour for 127 gold pieces
 53992 | Elf:1    | Entered Level 1 of the Elven Halls
 55836 | Elf:1    | Reached skill level 1 in Summonings
 55836 | Elf:1    | Reached skill level 1 in Evocations
 57204 | Elf:1    | Identified the +9 flail of BiteMe's Sudden Death {speed,
                  | +Blink rN+ SInv}
 57674 | Elf:2    | Reached skill level 14 in Conjurations
 57777 | Elf:2    | Offered knowledge of Plasma Beam by Vehumet.
 58286 | Elf:2    | Reached skill level 15 in Conjurations
 58296 | Elf:2    | Found a runed translucent door.
 58348 | Elf:2    | Reached skill level 1 in Invocations
 58740 | Elf:2    | Learned a level 4 spell: Iskenderun's Mystic Blast
 58805 | Elf:2    | Gained mutation: You have a sharp stinger which inflicts
                  | weakening toxins. [demonic ancestry]
 58805 | Elf:2    | Reached XP level 17. HP: 107/109 MP: 29/29
 59318 | Elf:2    | Paralysed by an air elemental for 1 turns
 59320 | Elf:2    | Paralysed by an air elemental for 1 turns
 59545 | Elf:2    | Reached skill level 1 in Maces & Flails
 59688 | Elf:2    | Reached skill level 5 in Invocations
 59801 | Elf:2    | Found a runed translucent door.
 59862 | Elf:2    | Killed from afar by a deep elf knight

Illustrated notes

Levels and vault maps discovered:
D:1:      minmay_arrival_four_houses, layout_basic
D:2:      layout_loops_ring, minmay_ruptured, uniq_terence
D:3:      layout_loops_ring, serial_shops, shop, nicolae_shop_hallway_plus,
          shop, nicolae_shop_crystal, portal_sewer_entry_f,
          hellmonk_ecumenical_altar_pennies_from_heaven, uniq_robin,
          uniq_sigmund
D:4:      layout_loops_ring, nicolae_overflow_hallway_of_the_gods
D:5:      layout_basic, minmay_fractal_squares_diagonal_5
D:6:      layout_basic, kennysheep_little_box
D:7:      layout_rooms, mainiacjoe_overflow_alcove_2,
          minmay_temple_entry_overgrown, enter_bailey_7
D:8:      layout_loops_ring, tso_oasis_becter,
          mainiacjoe_overflow_small_starburst
D:9:      minmay_the_grid_octo_2x2 [minmay_the_grid_octo_pinwheel,
          minmay_the_grid_octo_focus, minmay_the_grid_octo_odd_swirl,
          minmay_the_grid_octo_prize_big_c], layout_stronghold,
          xom_teletrap_fun, erik_lair_orcish_takeover, nicolae_blasting_shop
D:10:     layout_loops_corners, yredelemnul_altar_generic, vehumet_altar_wand_db
D:11:     layout_roguey
D:12:     layout_cave_pools, erik_orc_3
D:13:     layout_loops_ring, david_vaults_2
Temple:   hellmonk_temple_beads
Lair:1:   layout_misc_corridors, lemuel_fruit_tree, serial_bayou_shore_b
Lair:2:   layout_regular_city, elwin_shoals_entry_stream,
          minmay_snake_entry_guardpost_medium, grunt_megastairs_2,
          infiniplex_staircase_pool
Lair:3:   layout_layer_cave
Lair:4:   layout_hall_layers, chequers_serial_rivers_room_b,
          serial_bayou_shore_a
Lair:5:   gammafunk_lair_ancient_temple, layout_hall_layers, slime_entry_1,
          lemuel_fruit_fields
Shoals:1: layout_shoals, serial_shops, shop, nicolae_take_the_stairs
Snake:1:  kennysheep_snake, layout_grid_maze, ebering_ghost_inner_flame,
          grunt_ministairs_2
Slime:1:  layout_caves
Slime:2:  layout_caves
Orc:1:    layout_caves, gammafunk_ghost_smash, uniq_urug, uniq_sonja
Orc:2:    st_orc_mages, layout_caves, serial_shops, shop, mines3_lemuel
Elf:1:    eino_elf_arrival_shootout, layout_loops_corners,
          portal_desolation_entry_salt, hangedman_elven_crosses_minicolossus
Elf:2:    nicolae_elf_blades_splatter_lattice
          [nicolae_blade_entry_splitting_headache], layout_onion_city

Skill      XL: |  1  2  3  4  5  6  7  8  9 10 11 12 13 14 15 16 17 |
---------------+----------------------------------------------------+-----
Fire Magic     | 3 4 6 7 8 10 11 13 | 13.0
Conjurations   | 2 3 4 5 6 7 10 15 | 15.0
Spellcasting   | 3 4 5 7 8 |  8.5
Polearms       | 1 2 3 4 |  4.5
Shields        | 2 4 9 10 | 10.4
Armour         | 1 4 12 13 | 13.5
Dodging        | 5 9 10 | 10.7
Translocations | 4 5 6 |  6.4
Hexes          | 5 6 |  6.0
Fighting       | 3 |  3.6
Ice Magic      | 1 |  1.1
Summonings     | 4 |  4.1
Evocations     | 4 |  4.1
Invocations    | 2 6 |  6.0
Maces & Flails | 1 |  1.1
Short Blades   | |  0.2
Long Blades    | |  0.2
Axes           | |  0.2
Staves         | |  0.4
Ranged Weapons | |  0.6
Throwing       | |  0.5
Stealth        | |  1.7
Necromancy     | |  0.3
Transmutations | |  0.4
Air Magic      | |  0.2
Earth Magic    | |  0.2
Poison Magic   | |  0.3

Action                     |  1- 3 |  4- 6 |  7- 9 | 10-12 | 13-15 | 16-18 || total
---------------------------+-------+-------+-------+-------+-------+-------++-------
  Melee: Unarmed           |    21 |       |       |       |       |       ||    21
         Spear             |     9 |    33 |    37 |    33 |   100 |       ||   212
         Tailslap          |       |     4 |     3 |     5 |    45 |    39 ||    96
         Trident           |       |       |       |       |    91 |    85 ||   176
         Flail             |       |       |       |       |       |    87 ||    87
         Staff             |       |       |       |       |       |    52 ||    52
   Cast: Foxfire           |    51 |    63 |   118 |   110 |   498 |    99 ||   939
         Scorch            |       |    21 |    87 |   164 |   600 |   269 ||  1141
         Volatile Blastmot |       |       |    15 |    24 |    58 |    33 ||   130
         Inner Flame       |       |       |       |     1 |     1 |       ||     2
         Flame Wave        |       |       |       |       |    20 |     2 ||    22
         Dazzling Flash    |       |       |       |       |     4 |     2 ||     6
         Starburst         |       |       |       |       |     8 |    19 ||    27
         Blink             |       |       |       |       |     5 |       ||     5
         Gell's Gravitas   |       |       |       |       |     1 |     2 ||     3
         Iskenderun's Myst |       |       |       |       |       |    18 ||    18
  Evoke: Wand              |       |       |       |    11 |     6 |     3 ||    20
         Box of beasts     |       |       |       |       |     1 |       ||     1
         Phantom mirror    |       |       |       |       |     1 |       ||     1
    Use: Scroll            |     3 |     5 |     6 |     9 |    17 |     6 ||    46
         Potion            |       |       |     4 |     9 |    11 |     9 ||    33
   Stab: Sleeping          |       |     2 |     3 |     1 |       |       ||     6
         Distracted        |       |       |       |       |     1 |       ||     1
 Armour: Robe              |     8 |     7 |     4 |     7 |       |       ||    26
         Ring mail         |       |       |       |     3 |       |       ||     3
         Chain mail        |       |       |       |    39 |   432 |   219 ||   690
  Dodge: Dodged            |    40 |    53 |    65 |    71 |   174 |   136 ||   539
  Block: Other             |       |       |    11 |    28 |     4 |       ||    43
         Tower shield      |       |       |    29 |       |       |    72 ||   101
         Reflection        |       |       |    12 |     5 |    18 |    29 ||    64
         Buckler           |       |       |       |    12 |   425 |   245 ||   682
